 Dungeon Crawl Stone Soup version 0.31.0-12-g77e489cdc1 (webtiles) character file.

Game seed: 75051226476738060

3373 Gadfly the Covered (level 9, 0/59 (74) HPs)
             Began as an Armataur Fighter on Feb 28, 2024.
             Was a Follower of the Shining One.
             Slain by a wight
             ... wielding a +2 halberd of protection
              (10 damage)
             ... on level 7 of the Dungeon.
             The game lasted 00:14:25 (6707 turns).

Gadfly the Covered (Armataur Fighter)               Turns: 6707, Time: 00:14:26

HP:   0/59 (74)     AC: 17    Str: 24    XL:     9   Next: 74%
MP:   13/13         EV:  4    Int:  8    God:    the Shining One [*.....]
Gold: 286           SH:  6    Dex: 12    Spells: 8/8 levels left

rFire   . . .        a - +0 flail (protect)
rCold   . . .        c - +1 buckler
rNeg    . . .        w - +0 plate armour
rPois   +            (no helmet)
rElec   .            (no cloak)
rCorr   .            (no gloves)
SInv    .            (no barding)
Will    .....        (no amulet) Stlth
                     j - ring of poison resistance
HPRegen 0.29/turn    (no ring)
MPRegen 0.13/turn

%: roll
@: under a protective aura, glowing, heavily drained
A: large, deformed body, tough skin 3, armoured tail, roll 2
a: Renounce Religion, Divine Shield


You were on level 7 of the Dungeon.
You worshipped the Shining One.
The Shining One was aware of your devotion.
You visited 2 branches of the dungeon, and saw 8 of its levels.
You also visited: Sewer.

You collected 407 gold pieces.
You spent 121 gold pieces at shops.

Inventory:

Hand Weapons
 a - a +0 flail of protection (weapon)
 b - a +0 whip of flaming
 u - a +0 flail
 B - a +2 hand axe of flaming
 D - a +4 flail
Armour
 c - a +1 buckler (worn)
 w - a +0 plate armour (worn)
 y - the +1 ring mail of the Pink Corner {rElec rF- rCorr Str+6}
   (You found it on level 4 of the Dungeon)

   Str+6:     It affects your strength (+6).
   rF-:       It makes you vulnerable to fire.
   rElec:     It insulates you from electricity.
   rCorr:     It protects you from acid and corrosion.
Jewellery
 j - a ring of poison resistance (left hand)
 m - a ring of fire
Wands
 l - a wand of flame (37) (quivered)
 n - a wand of digging (4)
 r - a wand of paralysis (6)
Scrolls
 h - a scroll of fog
 i - a scroll of vulnerability
 p - a scroll of teleportation
 v - a scroll of identify
 A - 2 scrolls of amnesia
Potions
 d - 4 potions of might
 e - a potion of mutation
 g - 3 potions of curing
 k - 2 potions of cancellation
 o - a potion of magic
 q - a potion of berserk rage
 s - a potion of enlightenment
 t - a potion of resistance
 x - a potion of haste
 z - a potion of attraction
 C - a potion of brilliance {unknown}


   Skills:
 + Level 5.1 Fighting
 * Level 6.2 Maces & Flails
 + Level 6.5 Armour
 + Level 5.9 Shields
 * Level 6.3 Invocations
 * Level 6.4 Evocations


You had 8 spell levels left.
You didn't know any spells.
Your spell library contained the following spells:

 Spells                   Type           Power      Damage    Failure   Level
 Lesser Beckoning         Tloc           0%         N/A       100%        2
 Gell's Gravitas          Tloc           0%         N/A       100%        3
 Teleport Other           Tloc           0%         N/A       100%        3
 Leda's Liquefaction      Alch/Erth      0%         N/A       100%        4
 Lee's Rapid Deconstruct  Erth           0%         3d4*      100%        5
 Bombard                  Conj/Erth      0%         9d1       100%        6
 Haunt                    Necr/Summ      0%         N/A       100%        7
 Borgnjor's Revivificati  Necr           0%         N/A       100%        8
 Death's Door             Necr           0%         N/A       100%        9


Dungeon Overview and Level Annotations

Branches:
Dungeon (7/15)             Temple (1/1) D:6           Sewer (visited)

Altars:
Ashenzari
Cheibriados
Fedhas
Gozag
Hepliaklqana
Makhleb
Nemelex Xobeh
Okawaru
Qazlal
Ru
Trog
Uskayaw
Vehumet
Wu Jian
Zin
The Shining One

Shops:
D:3 :   D:4 !


Innate Abilities, Weirdness & Mutations

Armour fits poorly on your strangely shaped body.
You have extremely tough skin. (AC +3)
You have a long armoured tail.
You regenerate magic and health when rolling toward enemies. (Rampage Regen)


Message History

The wight is moderately damaged.
The wight hits you but does no damage.
You hit the wight but do no damage. You tail-slap the wight.
The wight is heavily damaged.
The wight hits you with a +2 halberd of protection.
The wight hits you from afar with a +2 halberd.
You hit the wight.
The wight is severely damaged.
The wight hits you with a +2 halberd of protection!
You feel drained.
* * * LOW HITPOINT WARNING * * *
The wight barely misses you.
You are too injured to fight recklessly!
You are too injured to fight recklessly!
You are too injured to fight recklessly!
You are too injured to fight recklessly!
You are too injured to fight recklessly!
You are too injured to fight recklessly!
You are too injured to fight recklessly!
You are too injured to fight recklessly!
You are too injured to fight recklessly!
You are too injured to fight recklessly!
You are too injured to fight recklessly!
You are too injured to fight recklessly!
You are too injured to fight recklessly!
You are too injured to fight recklessly!
You are too injured to fight recklessly!
You are too injured to fight recklessly!
You are too injured to fight recklessly!
You are too injured to fight recklessly!
You are too injured to fight recklessly!
You are too injured to fight recklessly!
The wight hits you from afar with a +2 halberd of protection.
* * * LOW HITPOINT WARNING * * *
You feel drained.
* * * LOW HITPOINT WARNING * * *
The wight attacks as it pursues you! You block the wight's attack.
There is a stone staircase leading up here.
The wight hits you from afar with a +2 halberd of protection!
You die...

#...# #####. #...#
.....# #...### .....+
#.....# .....#
######.## .....#
##≈≈≈##..# .....#####
#≈≈.§≈##.#
.....#...#####≈#.#≈≈#.#
######...##g'≈z§@...'.#
'........##[#z≈#.#≈≈###
#.....)..##.#≈≈≈.≈§##
#...##...##[.##≈≈≈##
#...##'####)..######
#...##.......z##...#
#...##.............#
#...#.........†)...#
#...#######........#


You could see 2 wights and a gnoll.

Vanquished Creatures
  Maggie (D:7)
  Grinder (Sewer)
  Eustachio (D:5)
  Edmund (D:5)
  4 water moccasins (D:6)
  Duvessa (D:6)
  2 ice beasts
  An orc warrior (D:7)
  An ogre (D:5)
  A centaur (D:7)
  A phantom (Sewer)
  A kobold brigand (Sewer)
  A necrophage (Sewer)
  A gnoll sergeant (D:7)
  2 bullfrogs
  4 scorpions
  3 wights
  Dowan (D:6)
  2 bombardier beetles
  An orc priest (D:6)
  5 hounds
  A jelly (D:6)
  A sleepcap (D:6)
  6 iguanas
  3 orc wizards
  3 gnolls
  13 adders
  5 shadow imps
  A white imp (D:6)
  4 ufetubi
  2 dart slugs (D:4)
  2 ribbon worms
  14 orcs
  10 ball pythons
  A bat zombie (Sewer)
  6 endoplasms
  2 giant cockroaches
  11 goblins
  8 hobgoblins
  3 jackals (D:3)
  5 quokkas
  7 bats
  A frilled lizard (D:2)
  28 kobolds
  2 kobold zombies (Sewer)
  6 rats
181 creatures vanquished.

Vanquished Creatures (others)
  An arcanist (D:3)
1 creature vanquished.

Grand Total: 182 creatures vanquished

Notes
Turn   | Place    | Note
-------+----------+-------------------------------------------
     0 | D:1      | Gadfly the Armataur Fighter began the quest for the Orb.
     0 | D:1      | Reached XP level 1. HP: 18/18 MP: 1/1
   165 | D:1      | Reached XP level 2. HP: 23/25 MP: 2/2
   379 | D:1      | Found a faded altar of an unknown god.
   507 | D:1      | Reached skill level 1 in Invocations
   507 | D:1      | Reached skill level 1 in Evocations
   800 | D:2      | Reached XP level 3. HP: 30/30 MP: 3/3
  1223 | D:2      | Reached XP level 4. HP: 30/38 MP: 5/5
  1407 | D:2      | Found a broken altar of Ashenzari.
  1524 | D:3      | Found Xicaeff's Book Shop.
  1524 | D:3      | Noticed a walking earthen tome
  1524 | D:3      | Noticed a walking divine tome
  1597 | D:3      | Found a radiant altar of Vehumet.
  1706 | D:3      | Found a broken altar of Ashenzari.
  2211 | D:3      | Found a bloodstained altar of Trog.
  2212 | D:3      | Noticed a wizard
  2217 | D:3      | Killed a wizard
  2414 | D:4      | Reached XP level 5. HP: 38/45 MP: 6/6
  2552 | D:4      | Found Laow's Distillery.
  2556 | D:4      | Bought a potion of curing for 33 gold pieces
  2556 | D:4      | Bought a potion of cancellation for 88 gold pieces
  2778 | D:4      | Identified the +1 ring mail of the Pink Corner {rElec rF-
                  | rCorr Str+6}
  2850 | D:4      | Found a glowing drain.
  2892 | Sewer    | Entered a sewer
  2973 | Sewer    | Reached XP level 6. HP: 43/51 MP: 7/7
  3059 | Sewer    | Found an ancient bone altar of Kikubaaqudgha.
  3066 | Sewer    | Noticed Grinder
  3110 | Sewer    | Killed Grinder
  3111 | Sewer    | Gained mutation: You regenerate magic and health when
                  | rolling toward enemies. (Rampage Regen) [Armataur growth]
  3111 | Sewer    | Reached XP level 7. HP: 16/57 MP: 9/9
  4146 | D:5      | Entered Level 5 of the Dungeon
  4167 | D:5      | Found a burning altar of Makhleb.
  4179 | D:5      | Found a hide-covered altar of Uskayaw.
  4188 | D:5      | Reached skill level 5 in Armour
  4359 | D:5      | Noticed Eustachio
  4378 | D:5      | Killed Eustachio
  4379 | D:5      | Reached XP level 8. HP: 53/66 MP: 11/11
  4538 | D:5      | Noticed Edmund
  4567 | D:5      | Killed Edmund
  4849 | D:5      | Reached skill level 5 in Shields
  5166 | D:6      | Found a stormy altar of Qazlal.
  5192 | D:6      | Reached skill level 5 in Maces & Flails
  5206 | D:6      | Reached skill level 5 in Evocations
  5231 | D:6      | Reached skill level 5 in Invocations
  5544 | D:6      | Reached XP level 9. HP: 58/72 MP: 12/12
  5596 | D:6      | Found a staircase to the Ecumenical Temple.
  5615 | Temple   | Entered the Ecumenical Temple
  5626 | Temple   | Became a worshipper of the Shining One
  5861 | D:6      | Found a glowing silver altar of Zin.
  5900 | D:6      | Found a snail-covered altar of Cheibriados.
  5900 | D:6      | Found a hazy altar of Hepliaklqana.
  5900 | D:6      | Noticed Dowan
  5900 | D:6      | Noticed Duvessa
  5911 | D:6      | Killed Duvessa
  5914 | D:6      | Killed Dowan
  6057 | D:7      | Found a blossoming altar of Fedhas.
  6294 | D:7      | Noticed Maggie
  6317 | D:7      | Killed Maggie
  6318 | D:7      | Reached skill level 5 in Fighting
  6479 | D:7      | Reached * piety under the Shining One
  6542 | D:6      | HP: 3/66 [wight/+6 short sword of freezing (4)]
  6542 | D:6      | HP: 1/66 [wight/+6 short sword of freezing (2)]
  6707 | D:7      | Slain by a wight

Illustrated notes

Levels and vault maps discovered:
D:1:      scummos_arrival_simple_crosswalls, layout_loops_ring,
          basic_ecumenical_altar, st_stairs_1, chequers_serial_rivers_micro_e
D:2:      layout_loops_ring, basic_altar, serial_park_tiny_2
D:3:      layout_basic, lemuel_tele_altar, vehumet_altar_wand_db, trog_wizard,
          serial_shops, nicolae_shop_mannequins, dk_noncrumbling_2,
          hangedman_decor_opposing
D:4:      layout_loops_cross, serial_forest, infiniplex_forest_lined_2,
          infiniplex_forest_lined_room_2, infiniplex_forest_lined_corner,
          infiniplex_forest_lined_2, infiniplex_forest_straight_1,
          infiniplex_forest_lined_2, infiniplex_forest_clump_tiny,
          infiniplex_forest_lined_2, serial_shops, shop, gup_sewer_entry_glass,
          nicolae_zen_rock_garden, minmay_crystal_room
D:5:      layout_cave_pools, bloody_makhleb, eat_drink_and_be_merry_uskayaw,
          minmay_misc_feat_ornament, cheibrodos_gnoll_hut, uniq_edmund,
          uniq_eustachio
D:6:      layout_cave_pools, nicolae_qazlal_scattered_showers,
          kennysheep_mini_moat, amethyst_overflow_temple_binary,
          minmay_temple_entry_offerings, serial_glass, glass_columns_c,
          glass_columns_a, uniq_duvessa
D:7:      layout_gridville, mainiacjoe_overflow_cross_hatched,
          kennysheep_small_circle, uniq_maggie
Temple:   nicolae_temple_two_arcs

Skill      XL: |  1  2  3  4  5  6  7  8  9 |
---------------+----------------------------+-----
Maces & Flails | 2 3 4 5 6 |  6.2
Invocations    | 1 2 3 4 5 6 |  6.3
Evocations     | 1 2 3 4 5 6 |  6.4
Fighting       | 3 4 5 |  5.1
Armour         | 4 5 6 |  6.5
Shields        | 4 5 |  5.9

Action                     |  1- 3 |  4- 6 |  7- 9 || total
---------------------------+-------+-------+-------++-------
  Melee: Flail             |    81 |   211 |   365 ||   657
         Tailslap          |     7 |    17 |    63 ||    87
         Dagger            |    48 |       |       ||    48
         Whip              |       |       |    44 ||    44
    Use: Scroll            |     4 |     7 |     8 ||    19
         Potion            |     1 |     1 |     3 ||     5
   Stab: Invisible         |       |     2 |       ||     2
 Armour: Scale mail        |    79 |   179 |    16 ||   274
         Ring mail         |       |       |   144 ||   144
         Plate armour      |       |       |   249 ||   249
  Dodge: Dodged            |    47 |    78 |   127 ||   252
  Block: Buckler           |    29 |    54 |   141 ||   224
